Map: Lost and Found LE

Players

Denver - Winner!

  • Race: Zerg Zerg
  • League: Master
  • Spawn Location: 7:00

goblin

  • Race: Protoss Protoss
  • Spawn Location: 1:00

Event: HomeStory Cup XVIII

VOD

Have the link to the VOD?

Description

Time

  • Played on: Nov. 22, 2018, 12:19 p.m.
  • Length: 7:18

All games in this series

Show
View Real Time Build Order
Export as new Build Order

Denver Zerg - Winner!

Build Orders: Hatch First 

Get SALT Encoding   

  12  0:00  Drone  
  13  0:12  Overlord  
  13  0:17  Drone  
  14  0:31  Drone x2  
  16  0:47  Hatchery  
  15  0:50  Drone  
  15  0:54  Drone  
  17  0:57  Drone  
  18  1:08  Extractor  
  17  1:13  Spawning Pool  
  17  1:16  Drone  
  17  1:21  Drone  
  18  1:31  Drone  
  19  1:40  Drone  
  20  1:55  Drone  
  20  2:00  Queen x2  
  25  2:01  Zergling x2  
  25  2:02  Zergling x2  
  25  2:08  Metabolic Boost  
  27  2:12  Overlord  
  27  2:17  Drone  
  28  2:32  Hatchery  
  28  2:34  Drone  
  28  2:38  Drone  
  28  2:39  Drone  
  28  2:42  Drone  
  31  2:46  Drone  
  32  2:51  Overlord  
  32  2:53  Drone  
  32  2:57  Drone  
  34  3:01  Queen  
  36  3:07  Overlord  
  36  3:12  Drone x2  
  38  3:13  Drone  
  38  3:14  Drone  
  38  3:17  Drone  
  38  3:19  Overlord  
  40  3:23  Drone  
  40  3:26  Drone x2  
  43  3:32  Overlord  
  43  3:37  Queen  
  45  3:41  Lair  
  45  3:45  Drone x2  
  45  3:47  Drone x2  
  48  3:49  Drone  
  48  3:51  Drone  
  48  3:52  Drone  
  51  3:58  Drone x2  
  53  4:04  Extractor, Spore Crawler  
  53  4:05  Extractor, Drone x2  
  53  4:06  Spore Crawler  
  53  4:08  Drone  
  52  4:11  Drone  
  52  4:12  Drone x2  
  52  4:17  Queen  
  55  4:19  Drone  
  55  4:20  Drone  
  55  4:23  Overlord  
  59  4:28  Overlord  
  59  4:32  Drone x4  
  59  4:35  Overlord  
  59  4:37  Spore Crawler  
  62  4:38  Drone  
  62  4:44  Hydralisk Den  
  62  4:46  Overlord  
  62  4:49  Overseer  
  62  4:51  Drone x5  
  67  4:55  Extractor  
  67  4:57  Spore Crawler  
  67  4:58  Overlord  
  65  5:04  Zergling x2  
  65  5:05  Zergling x8  
  69  5:11  Overlord  
  69  5:14  Hydralisk x3  
  69  5:18  Grooved Spines  
  69  5:19  Hydralisk  
  77  5:24  Baneling Nest, Hydralisk  
  78  5:28  Hydralisk  
  78  5:29  Zergling x2  
  78  5:30  Zergling x4  
  78  5:34  Zergling x6  
  86  5:40  Hydralisk x2  
  90  5:42  Zergling x2  
  90  5:48  Hydralisk  
  90  5:49  Hydralisk, Zergling x4  
  97  5:50  Zergling x4  
  97  5:51  Overlord  
  97  5:55  Overlord  
  98  5:57  Overlord  
  98  5:58  Zergling x2  
  98  6:03  Zergling x8  
  99  6:11  Hydralisk x2  
  88  6:14  Zergling x2  
  90  6:19  Hydralisk  
  90  6:20  Zergling x10  
  90  6:23  Baneling  
  90  6:24  Baneling x6  
  97  6:27  Zergling x2  
  97  6:29  Zergling x2  
  97  6:36  Zergling x2  
  97  6:37  Zergling x2  
  97  6:39  Hydralisk  
  92  6:42  Hydralisk x2  
  92  6:44  Zergling x4  
  94  6:50  Zergling x8  
  94  6:52  Overlord  
  83  6:56  Drone x2  
  81  7:03  Drone x3  
Show
View Real Time Build Order
Export as new Build Order

goblin Protoss 

Build Orders: 1 Gate Expand, Oracle Opening, Phoenix Opening 

Get SALT Encoding   

  12  0:00  Probe  
  13  0:13  Probe  
  14  0:19  Pylon  
  14  0:24  Probe  
  15  0:33  Probe  
  15  0:37  Gateway  
  15  0:41  Probe  
  16  0:47  Assimilator  
  17  0:52  Probe  
  18  1:04  Probe  
  19  1:14  Forge  
  19  1:16  Probe  
  20  1:34  Nexus  
  20  1:40  Probe  
  20  1:41  Cybernetics Core  
  21  1:48  Assimilator  
  21  1:53  Probe  
  22  1:56  Pylon  
  22  2:04  Probe  
  23  2:09  Adept  
  23  2:12  Probe  
  23  2:20  Probe  
  27  2:30  Stargate  
  27  2:31  Probe  
  27  2:35  Adept  
  30  2:39  Warp Gate  
  30  2:42  Probe  
  30  2:43  Probe  
  31  2:50  Probe  
  32  2:55  Shield Battery, Probe  
  34  3:00  Probe  
  35  3:07  Probe  
  35  3:09  Phoenix  
  36  3:13  Probe  
  36  3:19  Probe  
  40  3:21  Assimilator  
  40  3:23  Assimilator  
  40  3:25  Pylon, Probe  
  41  3:28  Gateway  
  41  3:32  Probe  
  42  3:37  Probe  
  42  3:39  Twilight Council  
  43  3:44  Probe  
  43  3:45  Pylon  
  44  3:54  Oracle  
  44  3:55  Resonating Glaives  
  47  4:05  Probe  
  48  4:10  Robotics Facility  
  48  4:21  Gateway  
  48  4:25  Gateway  
  48  4:26  Gateway  
  48  4:27  Gateway  
  48  4:32  Gateway  
  48  4:33  Gateway  
  48  4:46  Warp Prism, Adept x2  
  52  4:59  Pylon  
  54  5:01  Nexus  
  54  5:11  Adept  
  54  5:12  Adept  
  58  5:16  Pylon  
  58  5:23  Adept x3  
  58  5:24  Adept  
  66  5:37  Pylon  
  66  5:40  Pylon  
  66  5:46  Adept  
  66  5:47  Adept x5  
  76  6:11  Adept x6  
  66  6:12  Adept x2  
  76  6:31  Adept x5  
  76  6:32  Adept x3  
  92  6:35  Pylon  
  58  6:57  Adept  
  58  6:58  Adept x6  
  64  7:01  Adept  
Tags
 
Add a new tag
Caveats
  • Supply blocks, unpowered buildings, or Contaminate may cause inaccurate times.
  • Supply counts are checked every 10 seconds.